 Dungeon Crawl Stone Soup version 0.29.1-12-g30fa7ad0bf (webtiles) character file.

Game seed: 5588846597301233222

101 xzight the Grasshopper (level 4, -1/38 HPs)
             Began as a Gnoll Warper on Dec 29, 2022.
             Slain by a worm (8 damage)
             ... on level 2 of the Dungeon.
             The game lasted 00:02:52 (1924 turns).

xzight the Grasshopper (Gnoll Warper)               Turns: 1924, Time: 00:02:53

Health: -1/38      AC:  3    Str: 11    XL:     4   Next: 75%
Magic:  11/11      EV: 12    Int: 14    God:
Gold:   45         SH:  0    Dex: 11    Spells: 13/13 levels left

rFire   . . .      SeeInvis .   a - +0 spear
rCold   . . .      Faith    .   (no shield)
rNeg    . . .      Spirit   .   b - +0 leather armour
rPois   .          Reflect  .   (no helmet)
rElec   .          Harm     .   (no cloak)
rCorr   .          Rampage  .   (no gloves)
Will    .....                   (no boots)
Stlth   +.........              (no amulet)
HPRegen 0.12/turn               (no ring)
MPRegen 0.12/turn               (no ring)

@: no status effects
A: fangs 1, strong nose, distributed training
a: no special abilities


You were on level 2 of the Dungeon.
You visited 1 branch of the dungeon, and saw 2 of its levels.

You collected 45 gold pieces.


Innate Abilities, Weirdness & Mutations

You have very sharp teeth.
Your uncanny sense of smell can sniff out nearby items.
Your experience applies equally to all skills.


   Skills:
 + Level 4.7 Fighting
 + Level 1.2 Short Blades
 + Level 1.2 Long Blades
 + Level 1.2 Axes
 + Level 1.2 Maces & Flails
 + Level 4.7 Polearms
 + Level 1.2 Staves
 + Level 1.2 Ranged Weapons
 + Level 2.8 Throwing
 + Level 2.8 Armour
 + Level 4.7 Dodging
 + Level 1.2 Stealth
 + Level 1.2 Shields
 + Level 1.2 Unarmed Combat
 + Level 5.1 Spellcasting
 + Level 1.0 Conjurations
 + Level 1.0 Hexes
 + Level 1.0 Summonings
 + Level 1.0 Necromancy
 + Level 5.5 Translocations
 + Level 1.0 Transmutations
 + Level 1.0 Fire Magic
 + Level 1.0 Ice Magic
 + Level 1.0 Air Magic
 + Level 1.0 Earth Magic
 + Level 1.0 Poison Magic
 + Level 1.4 Invocations
 + Level 1.2 Evocations


You had 13 spell levels left.
You didn't know any spells.
Your spell library contained the following spells:

 Spells                   Type           Power      Damage    Failure   Level
 Blink                    Tloc           38%        N/A       3%          2
 Gell's Gravitas          Tloc           19%        N/A       7%          3
 Lesser Beckoning         Tloc           19%        N/A       7%          3
 Teleport Other           Tloc           19%        N/A       7%          3
 Manifold Assault         Tloc           19%        N/A       54%         5

Inventory:

Hand Weapons
 a - a +0 spear (weapon)
Missiles
 d - 7 boomerangs of dispersal (quivered) {=f}
 j - 3 poisoned darts
 k - 4 atropa-tipped darts
Armour
 b - a +0 leather armour (worn)
Scrolls
 c - a scroll of blinking
 f - 2 scrolls of teleportation {unknown}
 g - a scroll of acquirement {unknown}
 h - a scroll of amnesia {unknown}
 i - a scroll of identify {unknown}
 l - a scroll of enchant armour {unknown}
Potions
 e - a potion of might {unknown}

Dungeon Overview and Level Annotations

Branches:
Dungeon (2/15)

Altars:

#.#.#)# #.#'#'## #......#
#<.....# ######### #......#
#....(..# #......# #.......#
######## #.......#
###########.......#
#.w@......'.......## ... #.#
#.#########......... ...
##.######.#...............##
#.#
#......##)#.#######.......#
#.# #......##.#.#...#
##'#.#..# #.#
#......##.#)#.#.# #.#.##.##
#.# #......##.#..<..#
#.#.##...
#.####......##.########
#.#.#####
.......................
...>.


You could see a worm.


Message History

The worm barely misses you.
You barely miss the worm.
The worm is heavily wounded.
You hit the worm. You bite the worm, but do no damage.
The worm is severely wounded.
The worm bites you.
* * * LOW HITPOINT WARNING * * *
You hit the worm but do no damage. Your bite misses the worm.
The worm is severely wounded.
You barely miss the worm.
The worm is severely wounded.
The worm bites you.
* * * LOW HITPOINT WARNING * * *
You barely miss the worm. You bite the worm.
The worm is severely wounded.
The worm bites you!
* * * LOW HITPOINT WARNING * * *
You hit the worm. You bite the worm.
The worm is almost dead.
You hit the worm but do no damage. Your bite misses the worm.
The worm is almost dead.
The worm misses you.
You hit the worm. You bite the worm.
The worm is almost dead.
You barely miss the worm.
The worm is almost dead.
You barely miss the worm.
The worm is almost dead.
The worm bites you!
You die...

Skill      XL: |  1  2  3  4 |
---------------+-------------+-----
Spellcasting   | 5 |  5.1
Invocations    | 1 |  1.4
Short Blades   | 1 |  1.2
Long Blades    | 1 |  1.2
Axes           | 1 |  1.2
Maces & Flails | 1 |  1.2
Staves         | 1 |  1.2
Ranged Weapons | 1 |  1.2
Stealth        | 1 |  1.2
Shields        | 1 |  1.2
Unarmed Combat | 1 |  1.2
Evocations     | 1 |  1.2
Conjurations   | 1 |  1.0
Hexes          | 1 |  1.0
Summonings     | 1 |  1.0
Necromancy     | 1 |  1.0
Transmutations | 1 |  1.0
Fire Magic     | 1 |  1.0
Ice Magic      | 1 |  1.0
Air Magic      | 1 |  1.0
Earth Magic    | 1 |  1.0
Poison Magic   | 1 |  1.0
Fighting       | |  4.7
Polearms       | |  4.7
Throwing       | |  2.8
Armour         | |  2.8
Dodging        | |  4.7
Translocations | |  5.5

Action                   |  1- 3 |  4- 6 || total
-------------------------+-------+-------++-------
Melee: Spear             |   159 |    69 ||   228
       Bite              |    13 |     7 ||    20
       Punch             |     1 |       ||     1
 Stab: Sleeping          |     3 |     1 ||     4
Armor: Leather armour    |    25 |     8 ||    33
Dodge: Dodged            |    68 |    21 ||    89

Levels and vault maps discovered:
D:1:      dpeg_arrival_lava_temple_mockup, layout_loops_ring,
          chequers_ecumenical_altar_simple_redux, roderic_lattice_a
D:2:      minmay_diamond_boxcup, layout_basic, chequers_serial_rivers_micro_a,
          uniq_jessica, uniq_sigmund

Notes
Turn   | Place    | Note
-------+----------+-------------------------------------------
     0 | D:1      | xzight the Gnoll Warper began the quest for the Orb.
     0 | D:1      | Reached XP level 1. HP: 20/20 MP: 6/6
    99 | D:1      | Reached XP level 2. HP: 20/26 MP: 7/7
   340 | D:1      | Reached skill level 5 in Spellcasting
   340 | D:1      | Reached XP level 3. HP: 31/31 MP: 7/9
   616 | D:1      | Reached skill level 1 in Invocations
   957 | D:1      | Found a faded altar of an unknown god.
  1409 | D:2      | Reached skill level 1 in Short Blades
  1409 | D:2      | Reached skill level 1 in Long Blades
  1409 | D:2      | Reached skill level 1 in Axes
  1409 | D:2      | Reached skill level 1 in Maces & Flails
  1409 | D:2      | Reached skill level 1 in Staves
  1409 | D:2      | Reached skill level 1 in Ranged Weapons
  1409 | D:2      | Reached skill level 1 in Stealth
  1409 | D:2      | Reached skill level 1 in Shields
  1409 | D:2      | Reached skill level 1 in Unarmed Combat
  1409 | D:2      | Reached skill level 1 in Evocations
  1568 | D:2      | Reached XP level 4. HP: 33/38 MP: 11/11
  1745 | D:2      | Reached skill level 1 in Conjurations
  1745 | D:2      | Reached skill level 1 in Hexes
  1745 | D:2      | Reached skill level 1 in Summonings
  1745 | D:2      | Reached skill level 1 in Necromancy
  1745 | D:2      | Reached skill level 1 in Transmutations
  1745 | D:2      | Reached skill level 1 in Fire Magic
  1745 | D:2      | Reached skill level 1 in Ice Magic
  1745 | D:2      | Reached skill level 1 in Air Magic
  1745 | D:2      | Reached skill level 1 in Earth Magic
  1745 | D:2      | Reached skill level 1 in Poison Magic
  1924 | D:2      | Slain by a worm

Vanquished Creatures
  An adder (D:2)
  4 gnolls (D:2)
  4 dart slugs
  3 endoplasms
  5 giant cockroaches
  2 goblins (D:1)
  3 hobgoblins
  7 jackals (D:1)
  2 quokkas
  3 ball pythons (D:1)
  3 bats (D:1)
  A frilled lizard (D:1)
  4 kobolds (D:1)
  2 rats (D:1)
44 creatures vanquished.

Table legend: (Time is in decaauts)
 A = Elapsed time spent in this place.
 B = Non-inter-level travel time spent in this place.
 C = Inter-level travel time spent in this place.
 D = Time resting spent in this place.
 E = Time spent auto-exploring this place.
 F = Levels seen in this place.
 G = Mean time per level.
                   A        B        C        D        E       F      G
               +--------+--------+--------+--------+--------+-----+--------+
         Total |   1896 |   1784 |    112 |    248 |   1079 |   2 |  948.0 |
       Dungeon |   1896 |   1784 |    112 |    248 |   1079 |   2 |  948.0 |
               +--------+--------+--------+--------+--------+-----+--------+

Top non-repeatable levels by time:
     D:1: 1325 daAuts
     D:2: 570 daAuts

Table legend:
 A = Non-vault XP
 B = Vault XP
 C = Vault XP percentage of total XP
 D = Non-vault monster count
 E = Vault monster count
 F = Vault count percentage of total count
                 A         B        C        D         E       F
            +---------+---------+-------+---------+---------+-------
      Total |     145 |       0 |   0.0 |      44 |       0 |   0.0
            +---------+---------+-------+---------+---------+-------
        D:1 |      62 |       0 |   0.0 |      33 |       0 |   0.0
        D:2 |      83 |       0 |   0.0 |      11 |       0 |   0.0
            +---------+---------+-------+---------+---------+-------
